 Dungeon Crawl Stone Soup version 0.17.1-1-g73c8601 (webtiles) character file.

3288 abixa the Poker (level 9, -1/74 HPs)
             Began as a Demigod Skald on Jan 7, 2016.
             Slain by a crocodile (11 damage)
             ... on level 8 of the Dungeon.
             The game lasted 00:30:51 (10291 turns).

abixa the Poker (Demigod Skald)                    Turns: 10291, Time: 00:30:51

Health: -1/74      AC:  8    Str: 15    XL:     9   Next: 42%
Magic:  13/15      EV: 12    Int: 25    God:
Gold:   176        SH:  0    Dex: 15    Spells: 5 memorised, 1 level left

rFire  . . .     SeeInvis +     a - +0 trident
rCold  . . .     Clarity  .     J - +0 ring mail
rNeg   . . .     SustAt   +     (no shield)
rPois  .         Gourm    .     L - +0 helmet {Int+3}
rElec  .         Spirit   .     (no cloak)
rCorr  .         Warding  .     b - +0 pair of gloves
rMut   .         Stasis   .     (no boots)
MR     .....                    (no amulet)
Stlth  +.........               Q - ring of wizardry
                                G - ring of see invisible

@: very slightly contaminated, not resistant to hostile enchantments, very
unstealthy
A: high mp 1, sustain attributes
a: no special abilities


You were on level 8 of the Dungeon.
You were hungry.

You visited 1 branch of the dungeon, and saw 8 of its levels.

You collected 302 gold pieces.
You spent 126 gold pieces at shops.

Inventory:

Hand Weapons
 a - a +0 trident (weapon)
 k - a +2 dagger of venom
Missiles
 e - 268 stones
 h - 122 arrows
 i - 48 sling bullets
 n - 17 tomahawks (quivered)
 q - 2 throwing nets
 z - 21 poisoned arrows
 F - 53 poisoned needles
 I - 8 arrows of flame
 M - 6 needles of sleeping
 O - 7 javelins
 P - 11 sling bullets of frost
 R - 14 steel bolts
Armour
 b - a +0 pair of gloves (worn)
 J - a +0 ring mail (worn)
 L - a +0 helmet of intelligence (worn)
 S - a +1 robe of cold resistance
Jewellery
 G - a ring of see invisible (left hand)
 Q - a ring of wizardry (right hand)
 T - an uncursed ring of ice
Wands
 x - a wand of flame (11)
 E - a wand of hasting (5)
 W - a wand of polymorph (9)
Scrolls
 f - a scroll of amnesia {unknown}
 o - 3 scrolls of magic mapping {unknown}
 p - 4 scrolls of remove curse
 r - a scroll of enchant armour {unknown}
 t - a scroll of enchant weapon {unknown}
 v - 2 scrolls of teleportation {unknown}
 w - 3 scrolls of random uselessness {unknown}
 y - 7 scrolls of identify {unknown}
 C - a scroll of blinking {unknown}
 H - 2 scrolls of recharging {unknown}
 V - a scroll of immolation {unknown}
Potions
 g - a potion of haste {unknown}
 j - 4 potions of brilliance {unknown}
 l - 2 potions of might {unknown}
 m - a potion of heal wounds {unknown}
 s - a potion of cure mutation {unknown}
 u - a potion of flight {unknown}
 A - 3 potions of curing {unknown}
Books
 c - a book of Battle

   Spells                             Type                      Level
   a - Infusion                       Charms                       1
   b - Shroud of Golubria             Charms/Translocation         2
   c - Song of Slaying                Charms                       2
   d - Spectral Weapon                Hexes/Charms                 3
   e - Regeneration                   Charms/Necromancy            3
Comestibles
 d - 8 bread rations
 B - 3 royal jellies
 D - 4 beef jerkies
 K - a fruit
 N - a meat ration
 U - 7 slices of pizza


   Skills:
 + Level 5.2 Fighting
 * Level 6.7 Polearms
 - Level 4.0 Armour
 - Level 4.0 Dodging
 - Level 2.0 Spellcasting
 * Level 4.3 Hexes
 - Level 5.0 Charms
 - Level 4.0 Translocations


You had one spell level left.
You knew the following spells:

 Your Spells              Type           Power        Failure   Level  Hunger
a - Infusion              Chrm           ####..       1%          1    None
b - Song of Slaying       Chrm           ####....     1%          2    ##.....
c - Shroud of Golubria    Chrm/Tloc      ####......   2%          2    ##.....
d - Spectral Weapon       Hex/Chrm       ####....     4%          3    ###....
e - Regeneration          Chrm/Necr      ###.......   9%          3    ###....


Dungeon Overview and Level Annotations

Branches:
Dungeon (8/15)             Temple (0/1) D:4
   Lair: D:8-11

Shops:
D:4 [

Annotations:
D:6 Goblin1989's ghost, novice GrGl


Innate Abilities, Weirdness & Mutations

You have an increased reservoir of magic (+10% MP).
Your attributes are resistant to harm.


Message History

Aim: an ogre, wielding a giant club (chance to defeat MR: 46%)
The ogre resists with some effort.
Evoking this partially-identified wand wasted a few charges.
The ogre hits you with a giant club.
* * * LOW HITPOINT WARNING * * *
Evoke which item? (* to show all) (? for menu, Esc to quit)
Zapping:
W - a wand of polymorph {zapped: 7} (will waste charges)
Press: ? - help, Shift-Dir - straight line, f/p - ogre
Aim: an ogre, wielding a giant club (chance to defeat MR: 46%)
The ogre evaporates and reforms as a crocodile!
Evoking this partially-identified wand wasted a few charges.
Read which item? (? for menu, Esc to quit)
Okay, then.
Unknown command.
Unknown command.
Read which item? (? for menu, Esc to quit)
As you read the scroll labeled XEAS RANAF, it crumbles to dust.
You feel as if something is helping you.
It was a scroll of remove curse.
The crocodile bites you!
You die...

#....#.....##....
#########†...(#
#.......#
#..####..# ###..#
... ###....# ##
##.....##
#.t..### #@####
#.# ###


You could see a crocodile.

Vanquished Creatures
  Pikel (D:4)
  2 yaks (D:7)
  A human (D:7)
  2 water moccasins (D:8)
  5 sky beasts
  3 ogres
  A black bear (D:6)
  A centaur (D:5)
  A giant frog (D:7)
  A scorpion (D:7)
  3 killer bees
  An electric eel (D:7)
  5 wights
  3 orc priests
  4 hounds
  A centaur skeleton (D:6)
  A giant frog skeleton (D:6)
  2 jellies
  7 worker ants
  2 iguanas (D:4)
  2 sheep (D:7)
  A hound skeleton (D:7)
  3 gnolls (D:2)
  7 adders
  2 shadow imps
  3 oozes
  A worm (D:2)
  4 giant geckos
  9 orcs
  6 bats
  6 giant cockroaches
  6 goblins
  3 hobgoblins (D:1)
  2 jackals (D:6)
  7 kobolds
  A ball python (D:3)
  A giant gecko skeleton (D:7)
  5 giant newts
  3 quokkas
  8 rats
127 creatures vanquished.

Vanquished Creatures (others)
  A slave (D:4)
  2 orcs (D:4)
  A spectral weapon (D:6)
4 creatures vanquished.

Grand Total: 131 creatures vanquished

Notes
Turn   | Place    | Note
--------------------------------------------------------------
     0 | D:1      | abixa the Demigod Skald began the quest for the Orb.
     0 | D:1      | Reached XP level 1. HP: 17/17 MP: 5/5
   276 | D:1      | Reached XP level 2. HP: 24/24 MP: 2/7
   490 | D:1      | Learned a level 2 spell: Song of Slaying
   604 | D:1      | Reached skill level 3 in Polearms
  1177 | D:2      | Reached XP level 3. HP: 26/29 MP: 2/8
  1181 | D:2      | Learned a level 2 spell: Shroud of Golubria
  1299 | D:2      | HP: 1/29 [gnoll/club (8)]
  1940 | D:2      | Reached skill level 4 in Polearms
  2060 | D:2      | Reached XP level 4. HP: 36/36 MP: 9/9
  3381 | D:3      | Found a bloodstained altar of Trog.
  3381 | D:3      | Found a blossoming altar of Fedhas.
  3385 | D:3      | Found a radiant altar of Vehumet.
  3486 | D:3      | Reached XP level 5. HP: 37/41 MP: 2/10
  3588 | D:4      | Reached skill level 1 in Armour
  3588 | D:4      | Reached skill level 1 in Dodging
  3692 | D:4      | Reached skill level 1 in Translocations
  3703 | D:4      | Found Utsi's Armour Shoppe.
  3990 | D:4      | Found a staircase to the Ecumenical Temple.
  4002 | D:4      | Reached XP level 6. HP: 40/48 MP: 11/11
  4028 | D:4      | Noticed Pikel
  4028 | D:4      | Noticed a slave
  4029 | D:4      | Noticed a slave
  4056 | D:4      | Killed Pikel
  4056 | D:4      | Reached XP level 7. HP: 26/55 MP: 8/13
  4059 | D:4      | Noticed a freed slave
  4123 | D:4      | Noticed a freed slave
  4285 | D:4      | Killed a freed slave
  4761 | D:4      | Learned a level 3 spell: Spectral Weapon
  4803 | D:5      | Entered Level 5 of the Dungeon
  5153 | D:4      | Bought a +0 helmet of intelligence for 126 gold pieces
  5393 | D:5      | Noticed an ogre
  5393 | D:5      | Found a radiant altar of Vehumet.
  5404 | D:5      | Killed an ogre
  5404 | D:5      | Reached skill level 5 in Charms
  5445 | D:5      | Reached XP level 8. HP: 60/63 MP: 9/14
  6131 | D:6      | Noticed Goblin1989's ghost (novice GrGl)
  7562 | D:7      | Reached skill level 5 in Polearms
  7562 | D:7      | Reached skill level 1 in Hexes
  8181 | D:7      | Learned a level 3 spell: Regeneration
  8370 | D:7      | Reached XP level 9. HP: 45/72 MP: 8/15
  9226 | D:7      | Reached skill level 6 in Polearms
  9896 | D:8      | Reached skill level 5 in Fighting
 10186 | D:8      | Found an ancient bone altar of Kikubaaqudgha.
 10291 | D:8      | Slain by a crocodile

Action                   |  1- 3 |  4- 6 |  7- 9 || total
-------------------------+-------+-------+-------++-------
Melee: Spear             |   127 |    18 |       ||   145
       Dagger            |       |    98 |   171 ||   269
       Trident           |       |       |   144 ||   144
Throw: Stone             |     1 |     6 |     2 ||     9
       Tomahawk          |       |       |     7 ||     7
 Cast: Infusion          |    13 |     8 |    22 ||    43
       Song of Slaying   |     3 |       |       ||     3
       Shroud of Golubri |     4 |     9 |    14 ||    27
       Spectral Weapon   |       |       |    17 ||    17
Evoke: Wand              |       |       |     4 ||     4
  Use: Scroll            |       |       |     1 ||     1
 Stab: Sleeping          |     5 |       |       ||     5
       Distracted        |       |       |     3 ||     3
  Eat: Chunk             |     3 |     4 |    19 ||    26
       Bread ration      |       |     1 |       ||     1
       Fruit             |       |       |     5 ||     5
